 Dungeon Crawl Stone Soup version 0.29.1-4-g47bece8355 (webtiles) character file.

Game seed: 18161099783493285291

7 hawla the Gusty (level 2, -1/20 HPs)
             Began as a Meteoran Air Elementalist on Dec 4, 2022.
             Slain by a quokka (3 damage)
             ... on level 3 of the Dungeon.
             The game lasted 00:01:29 (281 turns).

hawla the Gusty (Meteoran Air Elementalist)          Turns: 281, Time: 00:01:29

Health: -1/20      AC:  2    Str:  9    XL:     2   Next: 17%
Magic:  5/6        EV: 12    Int: 16    God:
Gold:   164        SH:  0    Dex: 14    Spells: 5/6 levels left

rFire   . . .      SeeInvis .   (no weapon)
rCold   . . .      Faith    .   (no shield)
rNeg    . . .      Spirit   .   a - +0 robe
rPois   .          Reflect  .   (no helmet)
rElec   .          Harm     .   (no cloak)
rCorr   .          Rampage  .   (no gloves)
Will    .....                   (no boots)
Stlth   +.........              (no amulet)
HPRegen 0.06/turn               (no ring)
MPRegen 0.10/turn               (no ring)

@: glowing
A: sense surroundings 1, otherworldly, glowing, explore regen
a: no special abilities


You were on level 3 of the Dungeon.
You visited 1 branch of the dungeon, and saw 3 of its levels.

You collected 164 gold pieces.

Inventory:

Armour
 a - a +0 robe (worn)
 f - a +0 pair of boots
Scrolls
 c - a scroll of teleportation {unknown}
 d - 3 scrolls of amnesia {unknown}
 e - a scroll of identify {unknown}
Potions
 b - a potion of magic


   Skills:
 + Level 2.4 Dodging
 - Level 1.4 Stealth
 + Level 2.8 Spellcasting
 + Level 1.2 Conjurations
 + Level 4.1 Air Magic


You had 5 spell levels left.
You knew the following spells:

 Your Spells              Type           Power      Damage    Failure   Level
a - Shock                 Conj/Air       40%        1d5       6%          1

Your spell library contained the following spells:

 Spells                   Type           Power      Damage    Failure   Level
 Static Discharge         Conj/Air       10%        3-5/arc   10%         2
 Swiftness                Air            15%        N/A       11%         3
 Airstrike                Air            7%         2d(2-18)  34%         4


Dungeon Overview and Level Annotations

Branches:
Dungeon (3/15) Zot: 1518

Altars:


Innate Abilities, Weirdness & Mutations

You passively map a small area around you.
You are easily found by Zot.
You glow in the dark.
You regain HP and MP as you explore.


Message History

The zap hits the quokka.
The quokka is moderately wounded.
The quokka barely misses you.
Unknown command.
You hit the quokka but do no damage.
The quokka is moderately wounded.
The quokka closely misses you.
You closely miss the quokka.
The quokka is moderately wounded.
The quokka closely misses you.
You barely miss the quokka.
The quokka is moderately wounded.
The quokka bites you.
You hit the quokka.
The quokka is moderately wounded.
The quokka bites you. The quokka closely misses you.
You closely miss the quokka.
The quokka is lightly wounded.
The quokka bites you. The quokka attacks as you move away!
The quokka barely misses you. The quokka bites you.
The quokka attacks as you move away!
The quokka bites you but does no damage.
The quokka attacks as you move away! The quokka bites you.
* * * LOW HITPOINT WARNING * * *
The quokka bites you.
* * * LOW HITPOINT WARNING * * *
Okay, then.
The quokka attacks as you move away!
The quokka bites you but does no damage.
The quokka bites you.
* * * LOW HITPOINT WARNING * * *
The quokka misses you. The quokka attacks as you move away!
The quokka bites you.
* * * LOW HITPOINT WARNING * * *
The quokka attacks as you move away! The quokka bites you.
* * * LOW HITPOINT WARNING * * *
Found a dagger.
The quokka bites you.
You die...

#.##....#
, ,
#...##.#..
#...#,##..
#.##....##
#..#.##..#
,
#.#..##.#
#.##....#*
#r..##.#.
#.@.#,*#,
* *
#.......).
##########


You could see a quokka.

Vanquished Creatures
  A goblin (D:1)
  2 hobgoblins
  4 rats
7 creatures vanquished.

Vanquished Creatures (others)
  A fungus (D:2)
1 creature vanquished.

Grand Total: 8 creatures vanquished

Notes
Turn   | Place    | Note
-------+----------+-------------------------------------------
     0 | D:1      | hawla the Meteoran Air Elementalist began the quest for the
                  | Orb.
     0 | D:1      | Reached XP level 1. HP: 14/14 MP: 5/5
   171 | D:2      | Reached skill level 4 in Air Magic
   241 | D:3      | Reached XP level 2. HP: 20/20 MP: 4/6
   271 | D:3      | HP: 1/20 [quokka (3)]
   281 | D:3      | Slain by a quokka

Illustrated notes

Levels and vault maps discovered:
D:1:      lemuel_arrival_rhombus, layout_basic,
          wander_ebering_terrifying_dragon_lair
D:2:      layout_basic, corner_web_ring, minivault_11,
          hangedman_abyss_or_decor_lesser_grid, minmay_gold_behind_fungi,
          minmay_shallow_snake_nest
D:3:      layout_basic, gammafunk_ghost_grave, nicolae_eternal_life,
          uniq_sigmund

Skill      XL: |  1 |
---------------+----+-----
Air Magic      | 4 |  4.1
Dodging        | |  2.4
Stealth        | |  1.4
Spellcasting   | |  2.8
Conjurations   | |  1.2

Action                   || total
-------------------------++-------
Melee: Unarmed           ||     7
 Cast: Shock             ||    13
Armor: Robe              ||     2
Dodge: Dodged            ||     7
